 Dungeon Crawl Stone Soup version 0.26-a0-651-gb41185065b (webtiles) character file.

Game seed: 6689098147786865452

562 Ozzies the Covert (level 7, -1/33 HPs)
             Began as a Spriggan Enchanter on Oct 7, 2020.
             Was an Initiate of Dithmenos.
             Slain by an orc priest
             ... wielding a +2 flail of protection
              (5 damage)
             ... on level 5 of the Dungeon.
             The game lasted 00:11:36 (4857 turns).

Ozzies the Covert (Spriggan Enchanter)              Turns: 4857, Time: 00:11:36

Health: -1/33      AC:  9    Str:  6    XL:     7   Next: 10%
Magic:  5/12       EV: 18    Int: 16    God:    Dithmenos [......]
Gold:   180        SH:  0    Dex: 17    Spells: 2/11 levels left

rFire    . . .     SeeInvis +   f - +1 dagger (protect)
rCold    . . .     Faith    .   (shield restricted)
rNeg     + . .     Spirit   .   b - +0 robe
rPois    .         Reflect  .   (helmet restricted)
rElec    .         Harm     .   (no cloak)
rCorr    .         Rampage  .   (gloves unavailable)
MR       +....                  (boots unavailable)
Stlth    ++++......             e - amulet of regeneration
HPRegen  0.51/turn              o - ring of positive energy
MPRegen  0.13/turn              (no ring)

@: protection aura, very quick
A: very small, unfitting armour, see invisible, speed 3
a: Renounce Religion


You were on level 5 of the Dungeon.
You worshipped Dithmenos.
Dithmenos was noncommittal.
You visited 2 branches of the dungeon, and saw 6 of its levels.

You collected 180 gold pieces.

Inventory:

Hand Weapons
 a - a +1 dagger
 f - a +1 dagger of protection (weapon)
Missiles
 d - 171 stones (quivered)
 j - 35 sling bullets
Armour
 b - a +0 robe (worn)
 x - a +0 cloak
Jewellery
 e - an amulet of regeneration (around neck)
 h - an uncursed ring of fire
 o - a ring of positive energy (left hand)
Scrolls
 c - a scroll of remove curse {unknown}
 g - 4 scrolls of identify {unknown}
 i - a scroll of amnesia {unknown}
 r - a scroll of fog {unknown}
 t - a scroll of immolation {unknown}
 u - a scroll of enchant armour {unknown}
 v - a scroll of random uselessness {unknown}
Potions
 k - 2 potions of degeneration {unknown}
 l - a potion of ambrosia {unknown}
 m - 3 potions of stabbing {unknown}
 n - a potion of invisibility {unknown}
 p - a potion of lignification {unknown}
 q - 4 potions of flight {unknown}
 s - 2 potions of heal wounds {unknown}
 w - 2 potions of brilliance {unknown}


   Skills:
 + Level 1.0 Fighting
 + Level 4.9 Short Blades
 + Level 3.0 Dodging
 - Level 8.0 Stealth
 + Level 2.8 Spellcasting
 + Level 6.0 Hexes


You had 2 spell levels left.
You knew the following spells:

 Your Spells              Type           Power        Failure   Level
a - Corona                Hex            ###....      1%          1
b - Ensorcelled Hibernat  Hex/Ice        ##....       9%          2
c - Confusing Touch       Hex            ###.....     4%          3
d - Tukima's Dance        Hex            ###.....     4%          3

Your spell library contained the following spells:

 Spells                   Type           Power        Failure   Level
 Dazzling Flash           Conj/Hex       ##....       17%         3


Dungeon Overview and Level Annotations

Branches:
Dungeon (5/15)             Temple (1/1) D:4

Altars:
Ashenzari
Dithmenos
Elyvilon
Fedhas
Gozag
Hepliaklqana
Makhleb
Nemelex Xobeh
Okawaru
Qazlal
Ru
Sif Muna
Trog
Uskayaw
Vehumet
Wu Jian
Xom
Yredelemnul
The Shining One


Innate Abilities, Weirdness & Mutations

You are very small and have problems with some larger weapons.
You are too small for most types of armour.
You have supernaturally acute eyesight. (SInv)
You cover ground extremely quickly.


Message History

The orc priest is lightly wounded.
The orc priest stops glowing.
The orc priest misses you.
You closely miss the orc priest.
The orc priest is lightly wounded.
You closely miss the orc priest.
The orc priest is lightly wounded.
The orc priest completely misses you.
You barely miss the orc priest.
The orc priest is lightly wounded.
You hit the orc priest but do no damage.
The orc priest is lightly wounded.
The orc priest mumbles some strange prayers to Beogh against you.
You resist with significant effort.
You hit the orc priest but do no damage.
The orc priest is lightly wounded.
The orc priest hits you but does no damage.
You hit the orc priest.
The orc priest is lightly wounded.
The orc priest misses you.
You closely miss the orc priest.
The orc priest is lightly wounded.
You hit the orc priest but do no damage.
The orc priest is lightly wounded.
The orc priest hits you with a +2 flail of protection.
* * * LOW HITPOINT WARNING * * *
You hit the orc priest but do no damage.
The orc priest is lightly wounded.
You barely miss the orc priest.
The orc priest is lightly wounded.
The orc priest closely misses you.
You hit the orc priest but do no damage.
The orc priest is lightly wounded.
You hit the orc priest.
The orc priest is moderately wounded.
The orc priest closely misses you.
You hit the orc priest.
The orc priest is moderately wounded.
The orc priest looks braver for a moment.
You hit the orc priest but do no damage.
The orc priest is moderately wounded.
You barely miss the orc priest.
The orc priest is moderately wounded.
The orc priest misses you.
You barely miss the orc priest.
The orc priest is moderately wounded.
The orc priest barely misses you.
You hit the orc priest.
The orc priest is moderately wounded.
You barely miss the orc priest.
The orc priest is moderately wounded.
The orc priest barely misses you.
You hit the orc priest but do no damage.
The orc priest is moderately wounded.
The orc priest hits you but does no damage.
You barely miss the orc priest.
The orc priest is moderately wounded.
You hit the orc priest but do no damage.
The orc priest is moderately wounded.
The orc priest closely misses you.
You hit the orc priest but do no damage.
The orc priest is moderately wounded.
You hit the orc priest.
The orc priest is heavily wounded.
The orc priest hits you with a +2 flail of protection!
* * * LOW HITPOINT WARNING * * *
You closely miss the orc priest.
The orc priest is heavily wounded.
The orc priest misses you.
You hit the orc priest but do no damage.
The orc priest is heavily wounded.
You hit the orc priest.
The orc priest is severely wounded.
The orc priest hits you but does no damage.
You hit the orc priest but do no damage.
The orc priest is severely wounded.
The orc priest barely misses you.
You closely miss the orc priest.
The orc priest is severely wounded.
You hit the orc priest but do no damage.
The orc priest is severely wounded.
The orc priest closely misses you.
You closely miss the orc priest.
The orc priest is severely wounded.
You closely miss the orc priest.
The orc priest is severely wounded.
The orc priest hits you with a +2 flail of protection.
* * * LOW HITPOINT WARNING * * *
You closely miss the orc priest.
The orc priest is severely wounded.
The orc priest closely misses you.
You hit the orc priest but do no damage.
The orc priest is severely wounded.
You hit the orc priest but do no damage.
The orc priest is severely wounded.
The orc priest invokes the aid of Beogh against you.
You resist with significant effort.
You hit the orc priest.
The orc priest is almost dead.
The orc priest hits you with a +2 flail of protection.
You die...

.....# #.. .....#### #.#
........##### #.#
.)...##.....# #.#
..[).######.###.# .#
.......# #....<# .# .
######.# ####.#### .# ##..
#.## ##.....)##.##.... #..#
#.[###@o......... ##.###)##
#....#....# #.##..#
#.....$../# #.#..##
#.....#...#
#######.#)#####...........#
...#.......................
.....###..##..>#.....#.....
......#......###.........#.
...........................


You could see an orc priest.

Vanquished Creatures
  An orc priest (D:3)
  A hound (D:4)
  A centaur skeleton (D:4)
  Jessica (D:3)
  An iguana (D:5)
  An orc wizard (D:5)
  3 worker ants
  A killer bee zombie (D:5)
  A hound skeleton (D:4)
  7 adders
  A white imp (D:5)
  2 oozes
  An adder skeleton (D:5)
  A worm (D:2)
  2 dart slugs
  3 leopard geckos
  12 orcs
  7 giant cockroaches
  9 goblins
  7 hobgoblins
  3 jackals (D:3)
  11 kobolds
  4 quokkas
  2 ball pythons
  5 bats
  6 frilled lizards
  9 rats
103 creatures vanquished.

Vanquished Creatures (collateral kills)
  Sigmund (D:5)
  A shadow imp (D:5)
2 creatures vanquished.

Vanquished Creatures (others)
  A dancing weapon (D:5)
1 creature vanquished.

Grand Total: 106 creatures vanquished

Notes
Turn   | Place    | Note
-------+----------+-------------------------------------------
     0 | D:1      | Ozzies the Spriggan Enchanter began the quest for the Orb.
     0 | D:1      | Reached XP level 1. HP: 9/9 MP: 5/5
   641 | D:1      | Reached XP level 2. HP: 11/13 MP: 4/6
   654 | D:1      | Learned a level 2 spell: Ensorcelled Hibernation
   707 | D:1      | Reached skill level 5 in Stealth
  1270 | D:2      | Reached XP level 3. HP: 16/16 MP: 2/8
  1472 | D:2      | Found a blossoming altar of Fedhas.
  1473 | D:2      | Found an iron altar of Okawaru.
  1482 | D:2      | Reached skill level 6 in Stealth
  1788 | D:2      | Reached XP level 4. HP: 21/21 MP: 2/9
  1880 | D:2      | Reached skill level 5 in Hexes
  2411 | D:3      | Reached skill level 7 in Stealth
  2449 | D:3      | Reached XP level 5. HP: 25/25 MP: 7/10
  2689 | D:3      | Reached skill level 1 in Fighting
  2754 | D:3      | Noticed Jessica
  2763 | D:3      | Killed Jessica
  3357 | D:4      | Found a burning altar of Makhleb.
  3537 | D:4      | Reached XP level 6. HP: 30/30 MP: 11/11
  3547 | D:4      | Reached skill level 8 in Stealth
  3612 | D:4      | Found a staircase to the Ecumenical Temple.
  3622 | Temple   | Entered the Ecumenical Temple
  3759 | Temple   | Became a worshipper of Dithmenos the Shadowed
  3867 | D:5      | Entered Level 5 of the Dungeon
  3904 | D:5      | Noticed Sigmund
  4155 | D:4      | Learned a level 3 spell: Confusing Touch
  4161 | D:4      | Learned a level 3 spell: Tukima's Dance
  4184 | D:5      | Killed Sigmund
  4242 | D:5      | Found a shimmering altar of Xom.
  4334 | D:5      | Reached XP level 7. HP: 17/33 MP: 3/12
  4857 | D:5      | Slain by an orc priest

Illustrated notes

Levels and vault maps discovered:
D:1:      sevenhm_arrival_forest_fort_small_6, layout_rooms
D:2:      layout_loops_ring, chequers_temple_overflow_statue_of_worship,
          minmay_lizard_pond
D:3:      layout_basic, uniq_jessica
D:4:      layout_rooms, lemuel_crystal_altar, minmay_temple_entry_tees,
          serial_corexii_hall, corexii_hall_statues_i, corexii_hall_statues_s,
          corexii_hall_statues_s, chequers_hall_statues_wall_a
D:5:      layout_rooms, nicolae_overflow_hidden_temple, kiku_gazebo_pond_becter,
          basic_altar, uniq_sigmund
Temple:   regret_index_temple_sphere_string

Skill      XL: |  1  2  3  4  5  6 |
---------------+-------------------+-----
Hexes          | 4 5 6 |  6.0
Stealth        | 5 6 7 8 |  8.0
Fighting       | 1 |  1.0
Short Blades   | 2 4 |  4.9
Dodging        | |  3.0
Spellcasting   | |  2.8

Action                   |  1- 3 |  4- 6 |  7- 9 || total
-------------------------+-------+-------+-------++-------
Melee: Dagger            |   107 |   322 |    61 ||   490
 Cast: Corona            |    10 |     3 |     1 ||    14
       Ensorcelled Hiber |    25 |    28 |     7 ||    60
       Tukima's Dance    |       |     1 |     3 ||     4
 Stab: Sleeping          |    26 |    33 |     4 ||    63
Armor: Robe              |    15 |    67 |     5 ||    87
Dodge: Dodged            |    85 |   246 |    22 ||   353

Table legend: (Time is in decaauts)
 A = Elapsed time spent in this place.
 B = Non-inter-level travel time spent in this place.
 C = Inter-level travel time spent in this place.
 D = Time resting spent in this place.
 E = Time spent auto-exploring this place.
 F = Levels seen in this place.
 G = Mean time per level.
                   A        B        C        D        E       F      G
               +--------+--------+--------+--------+--------+-----+--------+
         Total |   3855 |   3795 |     60 |    922 |   1917 |   6 |  642.5 |
       Dungeon |   3764 |   3717 |     47 |    922 |   1840 |   5 |  752.8 |
        Temple |     91 |     78 |     13 |      0 |     77 |   1 |   91.0 |
               +--------+--------+--------+--------+--------+-----+--------+

Top non-repeatable levels by time:
     D:1: 1051 daAuts
     D:3: 847 daAuts
     D:2: 711 daAuts
     D:4: 683 daAuts
     D:5: 469 daAuts
  Temple: 91 daAuts
